 Dungeon Crawl Stone Soup version 0.18.1-51-gd549091e01 (webtiles) character file.

81 Ge0ff the Sneak (level 4, 0/29 HPs)
             Began as a High Elf Enchanter on May 25, 2022.
             Slain by a hobgoblin (1 damage)
             ... on level 3 of the Dungeon.
             The game lasted 00:07:21 (2612 turns).

Ge0ff the Sneak (High Elf Enchanter)                Turns: 2612, Time: 00:07:22

Health: 0/29       AC:  4    Str:  7    XL:     4   Next: 19%
Magic:  8/9        EV: 13    Int: 19    God:
Gold:   108        SH:  0    Dex: 16    Spells: 3 memorised, 3 levels left

rFire  . . .     SeeInvis +     a - +1 dagger
rCold  . . .     Gourm    .     z - +1 robe
rNeg   . . .     Faith    .     (no shield)
rPois  .         Spirit   .     (no helmet)
rElec  .         Dismiss  .     (no cloak)
rCorr  .         Reflect  .     (no gloves)
SustAt .         Harm     .     I - +0 pair of boots
MR     .....                    (no amulet)
Stlth  +++.......               (no ring)
                                E - ring of see invisible

@: hasted, very quick, not resistant to hostile enchantments, fairly stealthy
A: no striking features
a: no special abilities


You were on level 3 of the Dungeon.
You were not hungry.

You visited 1 branch of the dungeon, and saw 3 of its levels.

You collected 108 gold pieces.

Inventory:

Hand Weapons
 a - a +1 dagger (weapon)
 b - a +0 short sword
Missiles
 t - 53 stones (quivered)
Armour
 s - a +0 buckler
 z - a +1 robe (worn)
 F - a +0 leather armour
 I - a +0 pair of boots (worn)
Jewellery
 E - a ring of see invisible (left hand)
Scrolls
 x - a scroll of enchant weapon
 y - 2 scrolls of enchant armour
 C - 4 scrolls of remove curse
Potions
 w - a potion of agility {unknown}
Books
 c - a book of Maledictions

   Spells                             Type                      Level
   a - Corona                         Hexes                        1
   b - Ensorcelled Hibernation        Hexes/Ice                    2
   c - Confuse                        Hexes                        3
   d - Tukima's Dance                 Hexes                        3
   e - Dazzling Spray                 Conjuration/Hexes            3
Comestibles
 r - 3 bread rations
 u - a beef jerky
 D - 3 fruits
 G - a slice of pizza
 H - 2 chunks of flesh


   Skills:
 - Level 2.0 Fighting
 + Level 2.5 Short Blades
 - Level 2.1 Dodging
 + Level 3.5 Stealth
 - Level 3.0 Spellcasting
 + Level 3.0 Hexes
 * Level 1.6 Ice Magic


You had 3 spell levels left.
You knew the following spells:

 Your Spells              Type           Power        Failure   Level  Hunger
j - Confuse               Hex            ##......     14%         3    ###....
k - Ensorcelled Hibernat  Hex/Ice        ##....       10%         2    ##.....
n - Corona                Hex            ##.....      6%          1    None


Dungeon Overview and Level Annotations

Branches:
Dungeon (3/15)

Altars:
Ashenzari

Annotations:
D:3 tuurum's ghost, amateur MiBe


Message History

Forget which spell ([?*] list [ESC] exit)?
Forget which spell ([?*] list [ESC] exit)?
Okay, then.
Some of the chunks of flesh in your inventory have rotted away.
I - a pair of boots Wear which item? (? for menu, Esc to quit)
You start putting on your armour.
You continue putting on your pair of boots. x4
You finish putting on your +0 pair of boots.
C - 4 scrolls of remove curse (gained 1)
You open the door.
Tuurum's ghost (amateur Minotaur Berserker) comes into view.
There is an open door here.
Press: ? - help, v - describe, . - travel
Here: tuurum's ghost (hasn't noticed you)
The floor.
Unknown command.
Casting: Ensorcelled Hibernation
Confirm with . or Enter, or press ? or * to list all spells.
Aiming: Confuse
Press: ? - help, Shift-Dir - straight line, f - tuurum's ghost
Aim: tuurum's ghost (hasn't noticed you, chance to defeat MR: 28%) Tuurum's ghost turns its malevolent gaze towards you.
Tuurum's ghost easily resists.
Casting: Confuse
Confirm with . or Enter, or press ? or * to list all spells.
Aiming: Confuse
Press: ? - help, Shift-Dir - straight line, f/p - tuurum's ghost
Aim: tuurum's ghost (chance to defeat MR: 28%)
You miscast Confuse.
You are very lightly contaminated with residual magic.
Your skin glows momentarily.
A giant newt comes into view.
Tuurum's ghost says very slowly, "There's no hope."
Some of the chunks of flesh in your inventory have rotted away.
Your magical contamination has completely faded away.
Tuurum's ghost hits you!
A hobgoblin comes into view.
A worm comes into view.
The hobgoblin shouts!
You hit the hobgoblin but do no damage. Tuurum's ghost hits you!
The hobgoblin hits you.
* * * LOW HITPOINT WARNING * * *
Read which item? (? for menu, Esc to quit)
Okay, then.
Drink which item? (? for menu, Esc to quit)
It was a potion of haste.
You feel yourself speed up. Tuurum's ghost hits you.
* * * LOW HITPOINT WARNING * * *
The hobgoblin hits you.
You die...

*,*,* *******
*,#.# *,#.# *,#.#
*,#.# *,#.# *,#w#
########### *,#g#
###.........#
*<#@#
#........##.#
**#W#
#........##.# #.#
#........##.# #.#
#....l...##.# #l#
#........##.# #.#
#........##.#
#.####........##l#
#.............##.#
######...[....##.#


You could see a worm, tuurum's ghost, a hobgoblin and a giant newt.

Vanquished Creatures
  Ijyb (D:2)
  A gnoll (D:1)
  2 dart slugs
  2 giant geckos (D:3)
  A giant cockroach (D:3)
  5 goblins
  4 hobgoblins
  2 jackals (D:2)
  A ball python (D:1)
  6 bats
  6 giant newts
  6 kobolds
  6 rats
43 creatures vanquished.

Notes
Turn   | Place    | Note
--------------------------------------------------------------
     0 | D:1      | Ge0ff the High Elf Enchanter began the quest for the Orb.
     0 | D:1      | Reached XP level 1. HP: 11/11 MP: 4/4
   433 | D:1      | Reached skill level 1 in Fighting
   832 | D:1      | Reached XP level 2. HP: 18/18 MP: 6/6
   836 | D:1      | Learned a level 2 spell: Ensorcelled Hibernation
  1302 | D:2      | Found a shattered altar of Ashenzari.
  1337 | D:2      | Reached XP level 3. HP: 24/24 MP: 5/8
  1482 | D:2      | Noticed Ijyb
  1562 | D:2      | Killed Ijyb
  1811 | D:2      | Reached skill level 1 in Ice Magic
  2058 | D:3      | Reached XP level 4. HP: 29/29 MP: 9/9
  2066 | D:3      | Learned a level 3 spell: Confuse
  2561 | D:3      | Noticed tuurum's ghost (amateur MiBe)
  2612 | D:3      | HP: 1/29 [tuurum's ghost (5)]
  2612 | D:3      | Slain by a hobgoblin

Skill      XL: |  1  2  3 |
---------------+----------+-----
Fighting       | 1 2 |  2.0
Short Blades   | 2 |  2.5
Spellcasting   | 3 |  3.0
Ice Magic      | 1 |  1.6
Dodging        | |  2.1
Stealth        | |  3.5
Hexes          | |  3.0

Action                   |  1- 3 |  4- 6 || total
-------------------------+-------+-------++-------
Melee: Dagger            |    87 |    12 ||    99
Throw: Stone             |     7 |     4 ||    11
 Cast: Corona            |     6 |       ||     6
       Ensorcelled Hiber |    23 |     9 ||    32
       Confuse           |       |     1 ||     1
  Use: Scroll            |     6 |     2 ||     8
       Potion            |       |     1 ||     1
 Stab: Sleeping          |    24 |    11 ||    35
  Eat: Chunk             |     5 |     2 ||     7
Armor: Robe              |    19 |       ||    19
Dodge: Dodged            |    45 |    11 ||    56

Vault maps used:
D:1:      mrwooster_arrival_statue_2, grunt_decor_arrowhead,
          kennysheep_decorative_pillar
D:2:      first_bread, ashenzari_altar_1, uniq_iyjb
